 Dungeon Crawl Stone Soup version 0.21-a0-434-g806c6c2 (webtiles) character file.

676 slep the Skirmisher (level 7, -5/55 HPs)
             Began as a Demonspawn Wanderer on Nov 9, 2017.
             Was a Believer of Cheibriados.
             Slain by Beatriz's ghost (10 damage)
             ... on level 5 of the Dungeon.
             The game lasted 00:19:25 (2727 turns).

slep the Skirmisher (Demonspawn Wanderer)           Turns: 2727, Time: 00:19:26

Health: -5/55      AC:  5    Str: 18    XL:     7   Next: 33%
Magic:  8/8        EV: 12    Int: 20    God:    Cheibriados [**....]
Gold:   175        SH:  0    Dex: 19    Spells: 8/8 levels left

rFire    + . .     SeeInvis .   w - +0 falchion
rCold    + . .     Gourm    .   (no shield)
rNeg     . . .     Faith    .   i - +0 leather armour
rPois    +         Spirit   .   (no helmet)
rElec    +         Reflect  .   (no cloak)
rCorr    +         Harm     .   (no gloves)
MR       .....                  (no boots)
Stlth    ++++......             e - amulet of regeneration
HPRegen  0.00/turn              (no ring)
MPRegen  0.11/turn              (no ring)

@: resistant, very slow
A: icy blue scales 1, agile 1, blurry vision 1, nightstalker 2, poison
resistance, inhibited regeneration, spiny 1, wild magic 1
a: Bend Time, Renounce Religion


You were on level 5 of the Dungeon.
You worshipped Cheibriados.
Cheibriados was pleased with you.
You were hungry.

You visited 1 branch of the dungeon, and saw 5 of its levels.

You collected 175 gold pieces.

Inventory:

Hand Weapons
 c - a +0 spear
 t - a +0 mace
 w - a +0 falchion (weapon)
Missiles
 g - 183 stones (quivered)
 A - 2 javelins
Armour
 d - a +0 robe
 i - a +0 leather armour (worn)
Jewellery
 e - an amulet of regeneration (around neck)
Wands
 u - a wand of polymorph (7/24)
 B - a wand of digging (10/24)
 C - a wand of enslavement (16/24)
Scrolls
 h - 2 scrolls of teleportation {unknown}
 k - a scroll of identify {unknown}
 o - 3 scrolls of remove curse {unknown}
 r - a scroll of fear {unknown}
 x - a scroll of fog {unknown}
 y - a scroll of amnesia {unknown}
Potions
 l - a potion of haste {unknown}
 n - a potion of resistance
 v - a potion of cancellation {unknown}
 z - a potion of might {unknown}
Books
 a - a book of Geomancy

   Spells                             Type                      Level
   a - Sandblast                      Earth                        1
   b - Passwall                       Transmutation/Earth          2
   c - Stone Arrow                    Conjuration/Earth            3
   d - Petrify                        Transmutation/Earth          4
   e - Lee's Rapid Deconstruction     Earth                        5
 b - the Reference Book on Dark Arts

   Spells                             Type                      Level
   a - Animate Skeleton               Necromancy                   1
   b - Regeneration                   Charms/Necromancy            3
Comestibles
 f - 3 bread rations
 m - 3 meat rations
 p - 3 royal jellies
 q - 4 fruits


   Skills:
 + Level 4.4 Fighting
 + Level 1.1 Long Blades
 + Level 3.7 Polearms
 + Level 1.4 Throwing
 + Level 3.2 Armour
 + Level 2.1 Dodging
 + Level 2.4 Stealth
   Level 1.0 Shields
 + Level 1.0 Spellcasting
   Level 2.0 Summonings
   Level 1.7 Earth Magic


You had 8 spell levels left.
You didn't know any spells.

Dungeon Overview and Level Annotations

Branches:
Dungeon (5/15)
 Temple: D:4-7

Altars:
Cheibriados
Fedhas
Gozag
Trog
Vehumet
Yredelemnul

Annotations:
D:5 Beatriz's ghost, novice GnSk


Innate Abilities, Weirdness & Mutations

You are partially covered in icy blue scales. (AC +2)
You are significantly more attuned to the shadows.
You are partially covered in sharp spines.
You are agile. (Dex +2)
Scrolls take you a little longer to read.
Your system is resistant to poisons. (rPois)
You do not regenerate when monsters are visible.
Your spells are a little harder to cast, but a little more powerful.


Message History

You closely miss Beatriz's ghost.
Beatriz's ghost is lightly damaged.
Beatriz's ghost is struck by your spines.
Beatriz's ghost barely misses you.
You barely miss Beatriz's ghost.
Beatriz's ghost is moderately damaged.
Beatriz's ghost closely misses you.
You hit Beatriz's ghost.
Beatriz's ghost is moderately damaged.
Beatriz's ghost is struck by your spines.
Beatriz's ghost hits you!
* * * LOW HITPOINT WARNING * * *
You barely miss Beatriz's ghost.
Beatriz's ghost is moderately damaged.
Beatriz's ghost hits you!
* * * LOW HITPOINT WARNING * * *
You hit Beatriz's ghost.
Beatriz's ghost is moderately damaged.
Beatriz's ghost hits you!
You die...

## .. #...
...
#...######...
#............
...........(.
.......@.....
.##....W.###
###.####.#
#...####.#
#........
#.<..###.
###..# #...#
......


You could see Beatriz's ghost.

Vanquished Creatures
  Sigmund (D:4)
  A sky beast (D:4)
  2 orc priests (D:4)
  3 hounds (D:4)
  Ijyb (D:4)
  An orc wizard (D:3)
  2 worker ants (D:4)
  4 gnolls (D:4)
  6 adders
  An ooze (D:2)
  2 worms (D:2)
  A dart slug (D:2)
  2 leopard geckos
  9 orcs
  6 bats
  4 giant cockroaches
  3 goblins
  5 hobgoblins
  6 jackals
  3 quokkas
  7 frilled lizards
  A goblin skeleton (D:4)
  A goblin zombie (D:4)
  6 kobolds
  A kobold skeleton (D:4)
  A leopard gecko skeleton (D:4)
  A quokka skeleton (D:4)
  5 rats
86 creatures vanquished.

Notes
Turn   | Place    | Note
-------+----------+-------------------------------------------
     0 | D:1      | slep the Demonspawn Wanderer began the quest for the Orb.
     0 | D:1      | slep set off with: a book of Geomancy, the Reference Book on Dark Arts, a +0 spear, a +0 robe, a bread ration
     0 | D:1      | Reached XP level 1. HP: 18/18 MP: 2/2
   210 | D:1      | Gained mutation: You are partially covered in sharp spines. [demonic ancestry]
   210 | D:1      | Reached XP level 2. HP: 17/24 MP: 3/3
   539 | D:2      | Reached skill level 1 in Polearms
   648 | D:2      | Gained mutation: You are partially covered in icy blue scales. (AC +2) [demonic ancestry]
   648 | D:2      | Reached XP level 3. HP: 15/29 MP: 4/4
   704 | D:2      | Reached skill level 1 in Armour
   784 | D:2      | Found a snail-covered altar of Cheibriados.
   789 | D:2      | Became a worshipper of Cheibriados the Contemplative
  1075 | D:2      | Found a blossoming altar of Fedhas.
  1164 | D:2      | Reached XP level 4. HP: 34/36 MP: 5/5
  1343 | D:3      | Reached * piety under Cheibriados
  1859 | D:4      | Found a radiant altar of Vehumet.
  1871 | D:4      | Gained mutation: You are slightly more attuned to the shadows. [demonic ancestry]
  1871 | D:4      | Reached XP level 5. HP: 39/42 MP: 6/6
  1888 | D:4      | Reached skill level 1 in Dodging
  1911 | D:4      | Noticed a sky beast
  1933 | D:4      | Killed a sky beast
  1933 | D:4      | Reached skill level 4 in Fighting
  1933 | D:4      | Reached skill level 1 in Stealth
  1933 | D:4      | Gained mutation: You are significantly more attuned to the shadows. [demonic ancestry]
  1933 | D:4      | Reached XP level 6. HP: 14/48 MP: 7/7
  1937 | D:4      | Gained mutation: Your system is resistant to poisons. (rPois) [mutagenic meat]
  1938 | D:4      | Gained mutation: Your spells are a little harder to cast, but a little more powerful. [mutagenic meat]
  1939 | D:4      | Gained mutation: Scrolls take you a little longer to read. [mutagenic meat]
  1940 | D:4      | Gained mutation: You are agile. (Dex +2) [mutagenic meat]
  1942 | D:4      | Gained mutation: You do not regenerate when monsters are visible. [mutagenic meat]
  1987 | D:4      | Noticed Ijyb
  2025 | D:4      | Killed Ijyb
  2047 | D:4      | Reached ** piety under Cheibriados
  2126 | D:4      | Found an opulent altar of Gozag.
  2246 | D:4      | Found a bloodstained altar of Trog.
  2413 | D:4      | Found a runed door.
  2413 | D:4      | Noticed a human
  2475 | D:4      | Reached XP level 7. HP: 18/54 MP: 8/8
  2487 | D:4      | Found a basalt altar of Yredelemnul.
  2566 | D:4      | Noticed Sigmund
  2587 | D:4      | Killed Sigmund
  2587 | D:4      | Reached skill level 1 in Long Blades
  2689 | D:5      | Entered Level 5 of the Dungeon
  2689 | D:5      | Noticed Beatriz's ghost (novice GnSk)
  2727 | D:5      | Slain by Beatriz's ghost

Vault maps used:
D:1:      saegor_arrival_simple_b
D:2:      overflow_temple_1_default, fedhas_altar_4
D:3:      first_bread, serial_bayou_ford_a, kennysheep_generic_room_3
D:4:      wad_pebble_path, grunt_gozag_breadcrumbs, bloody_trog,
          overflow_temple_1_default, dk_yredelemnul_ordeal, uniq_ijyb,
          uniq_sigmund
D:5:      minmay_misc_feat_doors

Skill      XL: |  1  2  3  4  5  6  7 |
---------------+----------------------+-----
Polearms       | 1 2 3 |  3.7
Armour         | 1 2 3 |  3.2
Dodging        | 1 2 |  2.1
Fighting       | 4 |  4.4
Stealth        | 1 2 |  2.4
Long Blades    | 1 |  1.1
Throwing       | |  1.4
Shields        | |  1.0
Spellcasting   | |  1.0
Summonings     | |  2.0
Earth Magic    | |  1.7

Action                   |  1- 3 |  4- 6 |  7- 9 || total
-------------------------+-------+-------+-------++-------
Melee: Spear             |   154 |   149 |       ||   303
       Falchion          |       |    20 |    29 ||    49
Throw: Stone             |    10 |       |       ||    10
  Use: Potion            |       |       |     2 ||     2
 Stab: Sleeping          |       |     6 |     1 ||     7
  Eat: Chunk             |     1 |     9 |       ||    10
Armor: Leather armour    |    51 |    47 |     5 ||   103
       Robe              |     1 |       |       ||     1
       Skin              |       |     8 |       ||     8
Dodge: Dodged            |    96 |    74 |    11 ||   181
       Rpst.: Falchion   |       |     3 |     3 ||     6

Table legend:
 A = Spawn XP
 B = Non-spawn XP
 C = Spawn XP percentage of total XP
 D = Spawn monster count
 E = Non-spawn monster count
 F = Spawn count percentage of total count
 G = Total turns spent on level
                    A         B        C        D         E        F      G
               +---------+---------+-------+---------+---------+-------+---------
         Total |       0 |     966 |   0.0 |       0 |      86 |   0.0 |  2727
               +---------+---------+-------+---------+---------+-------+---------
           D:1 |       0 |      24 |   0.0 |       0 |      16 |   0.0 |   499
           D:2 |       0 |      90 |   0.0 |       0 |      26 |   0.0 |   782
           D:3 |       0 |      76 |   0.0 |       0 |      15 |   0.0 |   582
           D:4 |       0 |     776 |   0.0 |       0 |      29 |   0.0 |   826
               +---------+---------+-------+---------+---------+-------+---------
